 Dungeon Sprint DCSS version 0.27.1-33-g824d729ab1 (webtiles) character file.

Game seed: 315902345089049285

22117 manyhoops the Slayer (level 12, -1/137 HPs)
             Began as a Minotaur Berserker on Nov 27, 2021.
             Was an Elder of Trog.
             Slain by a wraith (5 damage)
             ... summoned by a mummy priest
             ... in the Dungeon (Sprint I: "Red Sonja").
             The game lasted 00:15:32 (4380 turns).

manyhoops the Slayer (Minotaur Berserker)           Turns: 4380, Time: 00:15:33

Health: -1/137     AC: 18    Str: 27    XL:     12   Next: 60%
Magic:  11/11      EV: 10    Int:  4    God:    Trog [****..]
Gold:   1201       SH:  0    Dex: 10    Spells: 11/11 levels left

rFire    . . .     SeeInvis +   i - +9 broad axe of Enib Hyh {vorpal, +Rage rN+ Will+}
rCold    . . .     Faith    .   (no shield)
rNeg     + . .     Spirit   .   b - +2 chain mail {rPois}
rPois    +         Reflect  .   (helmet restricted)
rElec    .         Harm     .   (no cloak)
rCorr    .         Rampage  .   s - +2 pair of gloves
Will     +....     NoTele   +   y - +0 pair of boots
Stlth    ..........             (no amulet)
HPRegen  0.32/turn              t - ring of see invisible
MPRegen  0.12/turn              C - ring of flight

@: corroded, flying
A: horns 2, retaliatory headbutt
a: Renounce Religion, Evoke Berserk Rage, Berserk, Trog's Hand, Brothers in Arms


You were in the Dungeon.
You worshipped Trog.
Trog was greatly pleased with you.
You visited 1 branch You collected 3485 gold pieces.
You spent 2284 gold pieces at shops.

Inventory:

Hand Weapons
 i - the +9 broad axe of Enib Hyh (weapon) {vorpal, +Rage rN+ Will+}
   (Trog gifted it to you in the Dungeon)

   It inflicts extra damage upon your enemies.
   rN:        It protects you from negative energy.
   +Rage:     It lets you go berserk.
   Will:      It increases your willpower.
 w - a +6 battleaxe of flaming
 x - the +4 flail of Contention {protect, Dex+3}
   (You found it in the Dungeon)

   It grants its wielder temporary protection when it strikes (+7 to AC).
   Dex:       It affects your dexterity (+3).
Missiles
 r - 2 throwing nets (quivered)
Armour
 b - a +2 chain mail of poison resistance (worn)
 s - a +2 pair of gloves (worn)
 v - a +0 buckler
 y - a +0 pair of boots (worn)
Jewellery
 t - a ring of see invisible (left hand)
 u - a ring of protection from fire
 B - a ring of ice
 C - a ring of flight (right hand)
Wands
 j - a wand of acid (3)
 n - a wand of charming (14)
 o - a wand of polymorph (8)
 z - a wand of digging (6)
Scrolls
 a - a scroll of identify
 l - a scroll of silence
 m - 2 scrolls of torment
 p - a scroll of fog
Potions
 c - 3 potions of curing
 d - 3 potions of heal wounds
 e - 2 potions of haste
 f - 2 potions of magic
 g - a potion of berserk rage
 q - a potion of might
 A - a potion of attraction


   Skills:
 + Level 22.1 Fighting
 + Level 21.0 Axes
 + Level 19.1 Armour
 - Level 2.1 Dodging
 - Level 7.3 Shields


You had 11 spell levels left.
You didn't know any spells.
Your spell library was empty.

Dungeon Overview and Level Annotations

Branches:
Dungeon (1/1)

Altars:
Cheibriados
Dithmenos
Elyvilon
Fedhas
Gozag
Hepliaklqana
Kikubaaqudgha
Makhleb
Nemelex Xobeh
Okawaru
Qazlal
Ru
Sif Muna
Trog
Uskayaw
Vehumet
Wu Jian
Xom
Yredelemnul
Zin
The Shining One
Jiyva
Lugonu

Shops:
D (?=****?[!=:!=*[*=

Annotations:
D exclusion: oklob plant, Lernaean hydra


Innate Abilities, Weirdness & Mutations

You have a pair of horns on your head.
You reflexively headbutt those who attack you in melee.


Message History

The wraith hits you!
* * * LOW HITPOINT WARNING * * *
Unknown command.
Unknown command.
Unknown command.
Unknown command.
You feel much better.
Your polar bear bites the 26-headed Lernaean hydra.
Your polar bear claws the 26-headed Lernaean hydra.
Your polar bear barely misses the 26-headed Lernaean hydra.
The 26-headed Lernaean hydra bites your polar bear but does no damage.
The 26-headed Lernaean hydra bites your polar bear.
The 26-headed Lernaean hydra bites your polar bear!
The 26-headed Lernaean hydra bites your polar bear. x2
The 26-headed Lernaean hydra bites your polar bear! x2
The 26-headed Lernaean hydra bites your polar bear but does no damage.
The 26-headed Lernaean hydra bites your polar bear!
Your polar bear dies!
Your polar bear's corpse disappears in a puff of smoke!
The 26-headed Lernaean hydra bites you but does no damage. x2
The 26-headed Lernaean hydra bites you.
* * * LOW HITPOINT WARNING * * *
The 26-headed Lernaean hydra barely misses you.
The 26-headed Lernaean hydra closely misses you. x3
The 26-headed Lernaean hydra bites you.
* * * LOW HITPOINT WARNING * * *
The 26-headed Lernaean hydra bites you.
* * * LOW HITPOINT WARNING * * *
The 26-headed Lernaean hydra bites you but does no damage. x3
The 26-headed Lernaean hydra bites you.
* * * LOW HITPOINT WARNING * * *
The 26-headed Lernaean hydra bites you.
* * * LOW HITPOINT WARNING * * *
The 26-headed Lernaean hydra bites you!
* * * LOW HITPOINT WARNING * * *
The 26-headed Lernaean hydra bites you but does no damage.
The 26-headed Lernaean hydra bites you!
* * * LOW HITPOINT WARNING * * *
The wraith hits you.
You die...

####################**********
)§.§§..)'..#^^+§§§§#,,,,,,,,,*
##§.§§§##..)^^#§§§§##,,,,,,,,*
*##§..#######'#.§§§§#####,,,,*
*,###'#..[##..#.§..§#...#,,,,*
,,*,#.##...#§.##§§.§#.∩.#,,,,*
,,**#.§###.#..§###§##...#,,,,*
,,,,##§#A#.#.§§D@#(####'#,,,,*
,,,,#..###.#§V§W##§#§§§§##,,,*
*++*#.##...#§Z§##§§^§§§§§##,,*
,,**#..#+###.§§#.§^^^§§§.§#,,*
*,,*##...#P≈..##§..§§§§...##,*
*,,*,###.#MWV.#..§...)...§.#,*
,,,,,,,#.###Z,#.....:...§..#,*
,,,,,,,#.#,'.,##^^.....^§^##,*
,,,,####)#^**'*#.§........#,,*


You could see the 26-headed Lernaean hydra and a wraith (summoned).

Vanquished Creatures
  A shadow dragon (D)
  4 fire giants (D)
  A deep elf annihilator (D)
  2 centaur warriors (D)
  A hydra (D)
  Sonja (D)
  A deep troll (D)
  A lindwurm (D)
  An oklob plant (D)
  A merfolk siren (D)
  A gargoyle (D)
  7 unseen horrors (D)
  4 demonic crawlers (D)
  2 kobold demonologists (D)
  A hellwing (D)
  4 hornets (D)
  Sigmund (D)
  A slime creature (D)
  A yak (D)
  2 redbacks (D)
  13 hogs (D)
  3 floating eyes (D)
  7 necrophages (D)
  An ogre (D)
  8 jellies (D)
  Ijyb (D)
71 creatures vanquished.

Vanquished Creatures (collateral kills)
  A golden dragon (D)
1 creature vanquished.

Vanquished Creatures (others)
  A merfolk siren (D)
  A gargoyle (D)
  2 ballistomycete spores (D)
4 creatures vanquished.

Grand Total: 76 creatures vanquished

Notes
Turn   | Place    | Note
-------+----------+-------------------------------------------
     0 | D        | manyhoops the Minotaur Berserker began the quest for the
                  | Orb.
     0 | D        | Reached XP level 1. HP: 19/19 MP: 0/0
     1 | D        | Noticed Ijyb
    10 | D        | Killed Ijyb
    11 | D        | Reached XP level 2. HP: 22/26 MP: 1/1
   160 | D        | Noticed an ogre
   164 | D        | Killed an ogre
   165 | D        | Reached XP level 3. HP: 31/31 MP: 2/2
   165 | D        | Reached XP level 4. HP: 39/39 MP: 3/3
   210 | D        | Noticed Sigmund
   226 | D        | Killed Sigmund
   226 | D        | Reached ** piety under Trog
   227 | D        | Reached XP level 5. HP: 15/45 MP: 4/4
   227 | D        | Reached XP level 6. HP: 17/51 MP: 5/5
   457 | D        | Found an ornate altar of the Wu Jian Council.
   457 | D        | Found a shimmering blue altar of Sif Muna.
   459 | D        | Found a radiant altar of Vehumet.
   463 | D        | Reached skill level 4 in Fighting
   516 | D        | Found Tihyeq's Magic Scroll Emporium.
   516 | D        | Found an ancient bone altar of Kikubaaqudgha.
   516 | D        | Found a hazy altar of Hepliaklqana.
   516 | D        | Found a hide-covered altar of Uskayaw.
   516 | D        | Found a basalt altar of Yredelemnul.
   516 | D        | Found an opulent altar of Gozag.
   516 | D        | Found a snail-covered altar of Cheibriados.
   516 | D        | Found a sacrificial altar of Ru.
   516 | D        | Found a shadowy altar of Dithmenos.
   516 | D        | Noticed a yak
   522 | D        | Killed a yak
   523 | D        | Reached skill level 8 in Fighting
   523 | D        | Found a stormy altar of Qazlal.
   523 | D        | Found a blossoming altar of Fedhas.
   523 | D        | Found a bloodstained altar of Trog.
   523 | D        | Found an iron altar of Okawaru.
   523 | D        | Found a glowing golden altar of the Shining One.
   523 | D        | Found a glowing silver altar of Zin.
   523 | D        | Found a white marble altar of Elyvilon.
   524 | D        | Found a sparkling altar of Nemelex Xobeh.
   528 | D        | Bought a scroll of identify for 22 gold pieces
   528 | D        | Bought a scroll of fear for 38 gold pieces
   528 | D        | Bought a scroll of identify for 22 gold pieces
   573 | D        | Found a burning altar of Makhleb.
   573 | D        | Found a viscous altar of Jiyva.
   573 | D        | Found a shimmering altar of Xom.
   573 | D        | Found a corrupted altar of Lugonu.
   573 | D        | Noticed a slime creature
   578 | D        | Killed a slime creature
   578 | D        | Reached *** piety under Trog
   579 | D        | Reached skill level 9 in Fighting
   579 | D        | Reached XP level 7. HP: 71/71 MP: 6/6
   633 | D        | Noticed a kobold demonologist
   634 | D        | Noticed a kobold demonologist
   637 | D        | Reached skill level 10 in Fighting
   639 | D        | Noticed an ice devil
   643 | D        | Killed a kobold demonologist
   644 | D        | Reached skill level 11 in Fighting
   644 | D        | Noticed a soul eater
   644 | D        | Noticed a smoke demon
   644 | D        | Noticed a demonic crawler
   644 | D        | Noticed a demonic crawler
   644 | D        | Noticed a demonic crawler
   644 | D        | Noticed a demonic crawler
   653 | D        | Killed a kobold demonologist
   653 | D        | Reached **** piety under Trog
   654 | D        | Reached skill level 12 in Fighting
   654 | D        | Reached skill level 10 in Armour
   654 | D        | Reached XP level 8. HP: 22/85 MP: 7/7
   892 | D        | Noticed a centaur warrior
   909 | D        | Noticed a centaur warrior
   926 | D        | Killed a centaur warrior
   927 | D        | Reached skill level 14 in Fighting
   927 | D        | Reached skill level 15 in Axes
   927 | D        | Killed a centaur warrior
   928 | D        | Reached XP level 9. HP: 13/96 MP: 8/8
  1213 | D        | Noticed a deep troll
  1218 | D        | Killed a deep troll
  1219 | D        | Reached skill level 15 in Fighting
  1337 | D        | Found Duulukh's Armour Emporium.
  1356 | D        | Bought a +2 chain mail of poison resistance for 259 gold
                  | pieces
  1383 | D        | Paralysed by a hornet for 2 turns
  1437 | D        | Noticed an oklob plant
  1444 | D        | Killed an oklob plant
  1444 | D        | Reached ***** piety under Trog
  1604 | D        | Reached skill level 16 in Fighting
  1611 | D        | Reached XP level 10. HP: 100/107 MP: 9/9
  1791 | D        | Noticed a gargoyle
  1795 | D        | Killed a gargoyle
  1804 | D        | Noticed a lindwurm
  1811 | D        | Killed a lindwurm
  1812 | D        | Reached skill level 17 in Fighting
  1987 | D        | Reached ****** piety under Trog
  1993 | D        | Received a gift from Trog
  2004 | D        | Reached skill level 18 in Fighting
  2059 | D        | Noticed Sonja
  2066 | D        | Killed Sonja
  2066 | D        | Received a gift from Trog
  2067 | D        | Reached XP level 11. HP: 103/121 MP: 10/10
  2169 | D        | Found Xititoro's Antique Weapon Boutique.
  2214 | D        | Reached skill level 15 in Armour
  2275 | D        | Identified the +9 broad axe of Enib Hyh {vorpal, +Rage rN+
                  | Will+} (Trog gifted it to you in the Dungeon)
  2275 | D        | Received a gift from Trog
  2283 | D        | Reached skill level 19 in Fighting
  2289 | D        | Received a gift from Trog
  2344 | D        | Identified the +7 hand crossbow "Uwyfrac" {vorpal, Str-5
                  | Int+5 SInv Stlth+}
  2351 | D        | Found Irozubau's Assorted Antiques.
  2351 | D        | Found Weupokos's Jewellery Shop.
  2351 | D        | Found Goatosom's General Store.
  2353 | D        | Found Jidaapusm's Assorted Antiques.
  2353 | D        | Found Qopoff's Assorted Antiques.
  2353 | D        | Found Peref's Magic Scroll Shoppe.
  2353 | D        | Found Fagaumie's Armour Boutique.
  2353 | D        | Found Xyoz's Distillery.
  2353 | D        | Found Bemigry's Jewellery Shop.
  2353 | D        | Found Fiss's Book Shoppe.
  2356 | D        | Bought a scroll labelled HOZUOP UXUEFE for 24 gold pieces
  2357 | D        | Bought a potion of heal wounds for 65 gold pieces
  2357 | D        | Bought a scroll of identify for 26 gold pieces
  2357 | D        | Found Jozymn's Distillery.
  2358 | D        | Bought a scroll of blinking for 157 gold pieces
  2358 | D        | Found Ydegimas's General Store.
  2358 | D        | Found Ruacliok's Jewellery Boutique.
  2360 | D        | Bought a glowing ivory wand for 84 gold pieces
  2360 | D        | Bought a long gold wand for 84 gold pieces
  2361 | D        | Found Tok Dimi's General Store.
  2362 | D        | Bought a scroll of fog for 28 gold pieces
  2362 | D        | Bought a scroll of fog for 28 gold pieces
  2362 | D        | Bought a scroll of identify for 28 gold pieces
  2362 | D        | Bought a scroll of identify for 28 gold pieces
  2368 | D        | Bought a potion of heal wounds for 65 gold pieces
  2368 | D        | Bought a potion of heal wounds for 65 gold pieces
  2368 | D        | Bought a potion of might for 52 gold pieces
  2372 | D        | Bought a scroll of fear for 35 gold pieces
  2372 | D        | Bought 2 throwing nets for 60 gold pieces
  2373 | D        | Bought a +2 pair of gloves for 198 gold pieces
  2383 | D        | Bought a ring of see invisible for 150 gold pieces
  2386 | D        | Bought a ring of protection from fire for 250 gold pieces
  2449 | D        | Bought a +0 buckler for 49 gold pieces
  2514 | D        | Noticed a daeva
  2521 | D        | Received a gift from Trog
  2524 | D        | Reached skill level 5 in Shields
  2704 | D        | Identified the +4 flail of Contention {protect, Dex+3}
  3101 | D        | Noticed a fire giant
  3110 | D        | Noticed a fire giant
  3114 | D        | Killed a fire giant
  3119 | D        | Killed a fire giant
  3120 | D        | Reached skill level 20 in Fighting
  3135 | D        | Noticed a fire giant
  3171 | D        | Killed a fire giant
  3171 | D        | Received a gift from Trog
  3486 | D        | Noticed a fire giant
  3494 | D        | Killed a fire giant
  3495 | D        | Reached XP level 12. HP: 134/134 MP: 11/11
  3574 | D        | Noticed a 12-headed hydra
  3576 | D        | Paralysed by a floating eye for 3 turns
  3583 | D        | Killed an eight-headed hydra
  3584 | D        | Received a gift from Trog
  3915 | D        | Noticed a shadow dragon
  3915 | D        | Noticed a golden dragon
  3929 | D        | Killed a shadow dragon
  3930 | D        | Reached skill level 21 in Fighting
  3934 | D        | Killed a golden dragon
  4001 | D        | Found Roquc's Jewellery Shoppe.
  4020 | D        | Bought a ring of ice for 275 gold pieces
  4020 | D        | Bought a ring of flight for 192 gold pieces
  4042 | D        | Noticed a deep elf annihilator
  4059 | D        | Found the macabre finger necklace {rN+}
  4308 | D        | Killed a deep elf annihilator
  4308 | D        | Received a gift from Trog
  4309 | D        | Reached skill level 22 in Fighting
  4363 | D        | Noticed the 27-headed Lernaean hydra
  4372 | D        | Noticed a mummy priest
  4372 | D        | HP: 4/137 [acid (14)]
  4373 | D        | Noticed a jiangshi
  4380 | D        | HP: 4/137 [the 26-headed Lernaean hydra (11)]
  4380 | D        | Slain by a wraith

Illustrated notes

Levels and vault maps discovered:
D:        dungeon_sprint_1 [red_sonja_temple_1, red_sonja_temple_small_1]

Skill      XL: |  1  2  3  4  5  6  7  8  9 10 11 12 |
---------------+-------------------------------------+-----
Axes           | 7 11 14 16 18 20 21 | 21.0
Fighting       | 9 12 14 16 18 20 22 | 22.1
Armour         | 7 10 11 14 17 19 | 19.1
Shields        | 7 |  7.3
Dodging        | |  2.1

Action                   |  1- 3 |  4- 6 |  7- 9 | 10-12 || total
-------------------------+-------+-------+-------+-------++-------
Melee: Hand axe          |    10 |    10 |       |       ||    20
       Headbutt          |     1 |     2 |     8 |    36 ||    47
       War axe           |       |     9 |    49 |    59 ||   117
       Battleaxe         |       |       |       |    28 ||    28
       Broad axe         |       |       |       |    70 ||    70
Invok: Berserk           |     2 |     4 |     5 |     8 ||    19
       Trog's Hand       |       |       |     3 |     1 ||     4
       Brothers in Arms  |       |       |       |     9 ||     9
  Use: Scroll            |       |       |       |    11 ||    11
       Potion            |       |       |       |     2 ||     2
Armor: Ring mail         |       |       |    10 |       ||    10
       Chain mail        |       |       |     3 |   179 ||   182
Dodge: Dodged            |     1 |     5 |    16 |    71 ||    93
Block: Buckler           |       |       |       |    15 ||    15
